 Dungeon Sprint DCSS version 0.30-a0-691-g754fce4c43 (webtiles) character file.

Game seed: 2536558636020898985

0 rocky1 the Cudgeller (level 3, 0/35 HPs)
             Began as a Minotaur Gladiator on Jan 19, 2023.
             Was an Initiate of Gozag.
             Splashed by a jelly's acid (8 damage)
             ... in the Dungeon (Sprint VI: "Thunderdome").
             The game lasted 00:00:40 (69 turns).

rocky1 the Cudgeller (Minotaur Gladiator)             Turns: 69, Time: 00:00:40

Health: 0/35       AC: -8    Str: 20    XL:     3   Next: 82%
Magic:  2/2        EV: 13    Int:  5    God:    Gozag
Gold:   272        SH:  0    Dex: 11    Spells: 2/2 levels left

rFire   . . .      SeeInvis .    a - +0 flail
rCold   . . .      Faith    .    (no shield)
rNeg    . . .      Spirit   .    b - +0 leather armour
rPois   .          Reflect  .    c - +0 hat
rElec   .          Harm     .    (no cloak)
rCorr   .          Rampage  .    (no gloves)
Will    .....      NoTele   +    (no boots)
Stlth   +                        (no amulet)
HPRegen 0.25/turn                (no ring)
MPRegen 0.08/turn                (no ring)

@: corroded
A: horns 2, retaliatory headbutt
a: Renounce Religion, Potion Petition, Call Merchant, Bribe Branch


You were in the Dungeon.
You worshipped Gozag.
Gozag was aware of your devotion.
You visited 1 branch You collected 272 gold pieces.

Inventory:

Hand Weapons
 a - a +0 flail (weapon)
Missiles
 d - 2 throwing nets (quivered)
 e - a javelin
Armour
 b - a +0 leather armour (worn)
 c - a +0 hat (worn)
Wands
 m - a wand of acid (5)
 n - a wand of roots (5)
Scrolls
 k - 4 scrolls of blinking
 o - 3 scrolls of fog
Potions
 f - a potion of curing
 g - 4 potions of heal wounds
 h - 4 potions of haste
 i - 2 potions of magic
 j - a potion of berserk rage
 l - a potion of resistance


   Skills:
 + Level 4.9 Fighting
 * Level 6.1 Maces & Flails
 - Level 2.0 Throwing
 + Level 4.0 Armour
 + Level 5.1 Dodging


You had 2 spell levels left.
You didn't know any spells.
Your spell library was empty.

Dungeon Overview and Level Annotations

Branches:
Dungeon (1/1)

Altars:
Fedhas
Gozag
Makhleb
Okawaru
Uskayaw
Vehumet
Xom
Zin
Lugonu

Shops:
D *[?**[(


Innate Abilities, Weirdness & Mutations

You have a pair of horns on your head.
You reflexively headbutt those who attack you in melee.


Message History

No target in view!
Found Tueschozo's Advanced Armour and Qeitemp's Jewellery.
There is an opulent altar of Gozag here.
You kneel at the altar of Gozag.
Gozag welcomes you!
Gozag waives the service fee.
A jelly comes into view.
The jelly quivers.
You hit the jelly. The acid corrodes you!
Your hands burn!
Your headbutt misses the jelly.
The jelly is moderately wounded.
The jelly misses you. You furiously retaliate!
You headbutt the jelly! The jelly hits you. The acid corrodes you!
You are splashed with acid!
You are too injured to fight recklessly!
You are too injured to fight recklessly!
You hit the jelly but do no damage.
Your hands burn!
The jelly is severely wounded.
The jelly barely misses you.
You sock the jelly!
You kill the jelly!
Your Maces & Flails skill increases to level 6!
Your Armour skill increases to level 4!
Your Dodging skill increases to level 5!
You now have 272 gold pieces (gained 72).
You start resting.
A jelly comes into view.
Found a hide-covered altar of Uskayaw and an iron altar of Okawaru.
The jelly closely misses you. You furiously retaliate!
You headbutt the jelly, but do no damage.
You hit the jelly.
Your hands burn!
You headbutt the jelly!
The jelly is heavily wounded.
The jelly completely misses you.
You hit the jelly.
Your hands burn!
You headbutt the jelly, but do no damage.
The jelly is almost dead.
The jelly hits you.
* * * LOW HITPOINT WARNING * * *
The acid corrodes you!
You are splashed with acid!
You die...
Your body crumbles into a pile of gold.

#⌠... ....⌠# ######.8...
...8.# ##..__......
...... ###∩........8.
.8.. ...
#.............###.. ....
⌠..........# #...# ....
⌠..........# #.<.# .....
⌠.......J..###...###.....
#........@....###........
#∩........8.# #.8......
##∩_._......###......__
######.8.........8.###
#⌠...........⌠#
###.........###
#........_# #_......._#
#_........#


You could see a jelly.

Vanquished Creatures
  2 jellies (D)
  2 endoplasms (D)
4 creatures vanquished.

Notes
Turn   | Place    | Note
-------+----------+-------------------------------------------
     0 | D        | rocky1 the Minotaur Gladiator began the quest for the Orb.
     0 | D        | Reached XP level 1. HP: 18/18 MP: 0/0
     4 | D        | Found a glowing silver altar of Zin.
     5 | D        | Found a blossoming altar of Fedhas.
     5 | D        | Found a corrupted altar of Lugonu.
     5 | D        | Round 1.
     6 | D        | Found a radiant altar of Vehumet.
     7 | D        | Found a shimmering altar of Xom.
     7 | D        | Found Zabiof's Weapon Rack.
     7 | D        | Found Maunorin's Premium Goods.
     7 | D        | Noticed a jelly
     8 | D        | Found Muiqaz's Basic Armour.
     8 | D        | Found Xoraol's Miscellaneous Merchandise.
    12 | D        | Found an opulent altar of Gozag.
    15 | D        | Killed a jelly
    16 | D        | Reached skill level 5 in Maces & Flails
    16 | D        | Reached XP level 2. HP: 22/27 MP: 1/1
    17 | D        | Found a burning altar of Makhleb.
    18 | D        | Found Piecaom's Identification Station.
    20 | D        | Reached XP level 3. HP: 28/33 MP: 2/2
    42 | D        | Found Tueschozo's Advanced Armour.
    42 | D        | Found Qeitemp's Jewellery.
    46 | D        | Became a worshipper of Gozag Ym Sagoz the Greedy
    55 | D        | Reached skill level 6 in Maces & Flails
    55 | D        | Reached skill level 5 in Dodging
    66 | D        | Found a hide-covered altar of Uskayaw.
    66 | D        | Found an iron altar of Okawaru.
    69 | D        | Splashed by a jelly's acid

Illustrated notes

Levels and vault maps discovered:
D:        arena_sprint

Skill      XL: |  1  2  3 |
---------------+----------+-----
Fighting       | 4 |  4.9
Maces & Flails | 5 6 |  6.1
Armour         | 3 4 |  4.0
Dodging        | 4 5 |  5.1
Throwing       | |  2.0

Action                   || total
-------------------------++-------
Melee: Flail             ||    10
       Headbutt          ||     3
Throw: Throwing net      ||     1
 Stab: Held in net/web   ||     1
Dodge: Dodged            ||     5

Table legend: (Time is in decaauts)
 A = Elapsed time spent in this place.
 B = Non-inter-level travel time spent in this place.
 C = Inter-level travel time spent in this place.
 D = Time resting spent in this place.
 E = Time spent auto-exploring this place.
 F = Levels seen in this place.
 G = Mean time per level.
                   A        B        C        D        E       F      G
               +--------+--------+--------+--------+--------+-----+--------+
         Total |     70 |     70 |      0 |      6 |      0 |   1 |   70.0 |
       Dungeon |     70 |     70 |      0 |      6 |      0 |   1 |   70.0 |
               +--------+--------+--------+--------+--------+-----+--------+

Top non-repeatable levels by time:
       D: 70 daAuts
